 Dungeon Crawl Stone Soup version 0.20.0-6-gd3061e9 (webtiles) character file.

165 cereshysteria the Purveyor of Pain (level 5, 0/35 HPs)
             Began as a Demonspawn Necromancer on May 29, 2017.
             Was an Initiate of Kikubaaqudgha.
             Slain by a worker ant (2 damage)
             ... on level 4 of the Dungeon.
             The game lasted 00:13:53 (4734 turns).

cereshysteria the Purveyor of Pain (DsNe)           Turns: 4734, Time: 00:13:54

Health: 0/35       AC:  5    Str:  9    XL:     5   Next: 22%
Magic:  0/8        EV: 14    Int: 16    God:    Kikubaaqudgha [......]
Gold:   119        SH:  4    Dex: 14    Spells: 4/8 levels left

rFire    . . .     SeeInvis .     - Unarmed
rCold    . . .     Gourm    .   m - +0 buckler
rNeg     . . .     Faith    .   h - +0 leather armour
rPois    .         Spirit   +   j - +0 helmet
rElec    .         Reflect  .   (no cloak)
rCorr    .         Harm     .   (no gloves)
MR       .....                  i - +0 pair of boots
Stlth    ++........             (no amulet)
Regen    0.2/turn               (no ring)
MPRegen  0.2/turn               (no ring)

@: lethally poisoned (0 -> -7), very slightly contaminated
A: repulsion field 1, magic shield
a: Renounce Religion


You were on level 4 of the Dungeon.
You worshipped Kikubaaqudgha.
Kikubaaqudgha was noncommittal.
You were not hungry.

You visited 2 branches of the dungeon, and saw 5 of its levels.

You collected 119 gold pieces.

Inventory:

Armour
 a - a +2 ring mail of magic resistance
 h - a +0 leather armour (worn)
 i - a +0 pair of boots (worn)
 j - a +0 helmet (worn)
 m - a +0 buckler (worn)
Scrolls
 d - 2 scrolls of identify
 e - a scroll of amnesia {unknown}
 f - a scroll of fog {unknown}
 l - a scroll of random uselessness {unknown}
 n - a scroll of enchant weapon {unknown}
 p - a scroll of teleportation {unknown}
Potions
 g - a potion of magic {unknown}
 k - a potion of flight
 o - a potion of might {unknown}
Books
 b - a book of Necromancy

   Spells                             Type                      Level
   a - Pain                           Necromancy                   1
   b - Animate Skeleton               Necromancy                   1
   c - Vampiric Draining              Necromancy                   3
   d - Regeneration                   Charms/Necromancy            3
   e - Animate Dead                   Necromancy                   4
   f - Control Undead                 Necromancy                   4
Comestibles
 c - 2 bread rations


   Skills:
 - Level 2.8 Dodging
 - Level 1.7 Stealth
 + Level 1.5 Shields
 + Level 2.0 Unarmed Combat
 - Level 2.0 Spellcasting
 + Level 5.5 Necromancy


You had 4 spell levels left.
You knew the following spells:

 Your Spells              Type           Power        Failure   Level  Hunger
a - Pain                  Necr           ###.         4%          1    #......
b - Vampiric Draining     Necr           ###.......   12%         3    ###....


Dungeon Overview and Level Annotations

Branches:
Dungeon (4/15)             Temple (1/1) D:4

Altars:
Ashenzari
Cheibriados
Dithmenos
Elyvilon
Fedhas
Gozag
Hepliaklqana
Kikubaaqudgha
Makhleb
Nemelex Xobeh
Sif Muna
Trog
Vehumet
Xom
Yredelemnul
Zin

Shops:
D:4 =

Annotations:
D:3 Vajrapani's ghost, amateur TeAs
Temple exclusion: upstairs


Innate Abilities, Weirdness & Mutations

You are surrounded by a mild repulsion field. (EV +2)
When hurt, damage is shared between your health and your magic reserves.


Message History

You are poisoned.
The worker ant poisons you!
You hit the worker ant but do no damage.
The worker ant is almost dead.
You feel sick.
The hound skeleton bites you but does no damage.
The worker ant bites you.
* * * LOW HITPOINT WARNING * * *
You closely miss the worker ant.
The worker ant is almost dead.
* * * LOW HITPOINT WARNING * * *
You feel sick. The hound skeleton barely misses you.
You block the worker ant's attack. The hound skeleton bites you.
* * * LOW HITPOINT WARNING * * *
* * * LOW HITPOINT WARNING * * *
You feel sick. The worker ant bites you.
* * * LOW HITPOINT WARNING * * *
The worker ant bites you.
You die...
Kikubaaqudgha rasps: "You have failed me!
Welcome... death!"

## ..## ####..##
##..##..# #%...#..#
#...$#aZ#..#
##..##@##..##
..####..#....#
.?........##.#
.###...#####.########
+...+.............
#...######'######
#... #........# #...
#........# #...
#....∩...#


You could see a worker ant and a hound skeleton.

Vanquished Creatures
  2 worker ants (D:3)
  4 adders
  An ooze (D:2)
  3 worms
  A dart slug (D:3)
  4 leopard geckos
  2 orcs
  4 bats
  4 giant cockroaches
  4 goblins
  3 hobgoblins
  3 jackals (D:1)
  5 quokkas
  4 ball pythons
  2 frilled lizards
  12 kobolds
  6 rats
64 creatures vanquished.

Notes
Turn   | Place    | Note
-------+----------+-------------------------------------------
     0 | D:1      | cereshysteria the Demonspawn Necromancer began the quest for the Orb.
     0 | D:1      | Reached XP level 1. HP: 13/13 MP: 3/3
   432 | D:1      | Gained mutation: You are surrounded by a mild repulsion field. (EV +2) [demonic ancestry]
   432 | D:1      | Reached XP level 2. HP: 7/19 MP: 0/5
  1744 | D:2      | Reached XP level 3. HP: 14/24 MP: 2/6
  2494 | D:2      | Reached skill level 5 in Necromancy
  2662 | D:2      | Reached skill level 1 in Unarmed Combat
  2942 | D:3      | Gained mutation: When hurt, damage is shared between your health and your magic reserves. [demonic ancestry]
  2942 | D:3      | Reached XP level 4. HP: 12/30 MP: 1/7
  2968 | D:3      | HP: 1/30 [orc/war axe (2)]
  3226 | D:3      | Reached skill level 1 in Shields
  3231 | D:3      | Learned a level 3 spell: Vampiric Draining
  3789 | D:3      | Noticed Vajrapani's ghost (amateur TeAs)
  4011 | D:3      | Reached XP level 5. HP: 18/35 MP: 0/8
  4378 | D:4      | Found a staircase to the Ecumenical Temple.
  4391 | Temple   | Entered the Ecumenical Temple
  4540 | Temple   | Became a worshipper of Kikubaaqudgha
  4616 | D:4      | Found Meemm's Jewellery Shoppe.
  4734 | D:4      | Slain by a worker ant

Skill      XL: |  1  2  3  4  5 |
---------------+----------------+-----
Dodging        | 2 |  2.8
Necromancy     | 5 |  5.5
Unarmed Combat | 1 2 |  2.0
Shields        | 1 |  1.5
Stealth        | |  1.7
Spellcasting   | |  2.0

Action                   |  1- 3 |  4- 6 || total
-------------------------+-------+-------++-------
Melee: Unarmed           |    47 |   134 ||   181
 Cast: Pain              |    86 |    33 ||   119
       Vampiric Draining |       |     6 ||     6
  Use: Scroll            |     1 |     2 ||     3
  Eat: Bread ration      |     1 |     1 ||     2
       Meat ration       |     1 |       ||     1
       Chunk             |       |     1 ||     1
Armor: Robe              |    14 |       ||    14
       Leather armour    |    10 |    34 ||    44
Dodge: Dodged            |    73 |   121 ||   194
Block: Buckler           |       |    22 ||    22
